 Dungeon Crawl Stone Soup version 0.27-a0-242-ge0fc76b88b (webtiles) character file.

Game seed: 14517940283391852248

15190 dickylongcocking the Zephyrmancer (level 12, -8/67 HPs)
             Began as a Tengu Air Elementalist on Feb 3, 2021.
             Was a High Priest of Ashenzari.
             Killed themself with a badly aimed iceblast (22 damage)
             ... on level 1 of the Lair of Beasts.
             The game lasted 00:26:12 (21478 turns).

dickylongcocking the Zephyrmancer (TeAE)           Turns: 21478, Time: 00:26:13

Health: -8/67      AC: 16    Str: 12    XL:     12   Next: 24%
Magic:  2/25       EV: 12    Int: 18    God:    Ashenzari [*****.]
Gold:   372        SH:  5    Dex: 14    Spells: 13/28 levels left

rFire    + . .     SeeInvis +   p - staff of fire (curse)
rCold    . . .     Faith    +   o - +0 buckler (curse)
rNeg     . . .     Spirit   .   w - +6 scale mail of Hedge Wizardry {Slay+2}
rPois    +         Reflect  .   (helmet restricted)
rElec    .         Harm     .   t - +0 cloak
rCorr    +         Rampage  .   A - +0 pair of gloves
Will     .....     Clarity  +   (boots unavailable)
Stlth    +.........             u - amulet of faith (curse)
HPRegen  0.21/turn              m - ring of resist corrosion (curse)
MPRegen  0.19/turn              F - ring of poison resistance (curse)

@: brilliant, flying quickly and evasively, quick
A: beak, talons 3, clumsy 1, frail 1, strong 1, able to fly
a: Stop Flying, Renounce Religion, Curse Item, Scrying, Transfer Knowledge


You were on level 1 of the Lair of Beasts.
You worshipped Ashenzari.
Ashenzari was extremely pleased with you.
You visited 4 branches of the dungeon, and saw 15 of its levels.

You collected 462 gold pieces.
You spent 90 gold pieces at shops.

Inventory:

Hand Weapons
 b - a +0 flail
 h - a +0 dagger of speed
 y - a +2 whip of electrocution
 H - a cursed +7 spectral scimitar
Armour
 a - a +0 robe
 l - +0 ice dragon scales
 o - a cursed +0 buckler (worn)
 t - a +0 cloak (worn)
 w - the +6 scale mail of Hedge Wizardry (worn) {Slay+2}
   (You found it on level 4 of the Dungeon)

   It affects your accuracy and damage with ranged weapons and melee attacks
   (+2).
 A - a +0 pair of gloves (worn)
 D - a +3 kite shield
 E - +0 acid dragon scales
Magical Staves
 p - a cursed staff of fire (weapon)
Jewellery
 e - an uncursed amulet of guardian spirit
 m - a cursed ring of resist corrosion (left hand)
 u - a cursed amulet of faith (around neck)
 F - a cursed ring of poison resistance (right hand)
Wands
 J - a wand of random effects (10)
Scrolls
 d - 2 scrolls of amnesia
 f - 8 scrolls of immolation
 q - 2 scrolls of enchant weapon
 s - a scroll of fog
 z - a scroll of random uselessness
 B - 2 scrolls of identify
 G - 2 scrolls of brand weapon
 I - a scroll of enchant armour
Potions
 i - 3 potions of might
 j - 3 potions of curing
 n - 3 potions of degeneration
 r - 2 potions of flight
 x - 4 potions of brilliance
 C - 3 potions of mutation


   Skills:
 * Level 8.7 Fighting
 * Level 5.3 Long Blades
 - Level 2.8(5.1) Staves
 * Level 7.4 Armour
 - Level 2.3 Dodging
 - Level 2.0 Stealth
 - Level 3.8(6.2) Shields
 * Level 8.8 Spellcasting
 * Level 5.8(9.9) Conjurations
 - Level 2.0(5.0) Fire Magic
 * Level 12.5(16.1) Air Magic
 * Level 3.3(7.8) Evocations


You had 13 spell levels left.
You knew the following spells:

 Your Spells              Type           Power        Failure   Level
a - Shock                 Conj/Air       100%         1%          1
b - Static Discharge      Conj/Air       70%          1%          3
c - Airstrike             Air            39%          1%          4
d - Swiftness             Air            78%          1%          2
e - Lightning Bolt        Conj/Air       35%          4%          5

Your spell library contained the following spells:

 Spells                   Type           Power        Failure   Level
 Corona                   Hex            16%          30%         1
 Inner Flame              Hex/Fire       40%          34%         3
 Slow                     Hex            15%          41%         2
 Portal Projectile        Hex/Tloc       30%          65%         3
 Cause Fear               Hex            7%           96%         4
 Leda's Liquefaction      Hex/Erth       7%           96%         4


Dungeon Overview and Level Annotations

Branches:
Dungeon (12/15)            Temple (1/1) D:7            Lair (1/6) D:10
    Orc (1/2) D:10

Altars:
Ashenzari
Cheibriados
Dithmenos
Elyvilon
Fedhas
Gozag
Hepliaklqana
Kikubaaqudgha
Makhleb
Nemelex Xobeh
Okawaru
Qazlal
Ru
Sif Muna
Trog
Uskayaw
Vehumet
Wu Jian
Xom
Yredelemnul
Zin
The Shining One

Shops:
D:4 ([*[   D:7 (

Portals:
Trove: D:12 (give +2 storm dragon scales)

Annotations:
D:8 1 runed translucent door
D:12 Azrael, Jorgrun


Innate Abilities, Weirdness & Mutations

You have a beak for a mouth.
You have claws for feet.
You can fly continuously.
You are clumsy. (Dex -2)
You are frail. (-10% HP)
Your muscles are strong. (Str +2)


Message History

Aiming: Random Effects
Press: ? - help, Shift-Dir - straight line, f/p - black mamba
Aim: a black mamba (almost dead)
The puff of flame hits the black mamba.
The black mamba is almost dead.
Unknown command.
Aiming: Random Effects
Press: ? - help, Shift-Dir - straight line, f/p - black mamba
Aim: a black mamba (almost dead)
The black mamba seems to speed up.
The blink frog blinks!
The black mamba bites you but does no damage.
Unknown command.
Unknown command.
Aiming: Random Effects
Press: ? - help, Shift-Dir - straight line, f/p - black mamba
Aim: a black mamba (almost dead, fast)
The mass of ice explodes!
The iceblast engulfs the black mamba!!
You kill the black mamba!
The iceblast engulfs you!!
You die...

..## * ..# ...# *#.. * ...#
#.# {## .§P##.#,* .# ...#.#
,.## )..(#. *#..# * * *
...#.#####..#########.##* *,
, ........................,
, .....F...F.....†@....... ,
, .>......................,
, ,
...##.######..P..##(#P##*,*,
* ..#.### * ##..###* # *
F.##.# *, * #..# * * ,
..#,..,, , .....,, ,∆, ,
....* *** .##* #, * *,,**
..#.# , , #. ,* * , ..P.#,*+
, *, ** ,*,


You could see a blink frog.

Vanquished Creatures
  2 hydras
  4 two-headed ogres
  An unseen horror (D:11)
  Pikel (D:6)
  An ugly thing (D:11)
  A black mamba (Lair:1)
  A komodo dragon (D:9)
  A merfolk (D:9)
  2 blink frogs (Lair:1)
  10 yaks
  A wraith (D:11)
  A warg (D:10)
  An acid dragon (D:12)
  Menkaure (D:7)
  A soldier ant (D:10)
  A water moccasin (Lair:1)
  6 orc warriors
  2 sky beasts
  4 black bears
  6 ice beasts
  4 ogres
  11 centaurs
  3 big kobolds
  4 phantoms
  3 bullfrogs
  2 gnoll sergeants
  A water moccasin skeleton (D:8)
  6 killer bees
  A scorpion (D:7)
  11 wights
  4 howler monkeys
  2 bullfrog zombies
  2 centaur zombies
  5 hounds
  2 orc priests
  2 centaur skeletons
  5 iguanas
  2 jellies
  3 bullfrog skeletons
  Terence (D:2)
  11 orc wizards
  8 worker ants
  5 hound skeletons
  16 gnolls
  A howler monkey skeleton (D:7)
  11 adders
  4 shadow imps
  2 white imps
  3 ufetubi
  An ooze (D:1)
  A worm (D:5)
  3 dart slugs
  3 leopard geckos
  47 orcs
  2 ball pythons
  7 bats
  7 giant cockroaches
  8 goblins
  9 hobgoblins
  14 jackals
  4 quokkas
  8 frilled lizards
  21 kobolds
  10 rats
328 creatures vanquished.

Vanquished Creatures (others)
  A fungus (Lair:1)
  32 plants
33 creatures vanquished.

Grand Total: 361 creatures vanquished

Notes
Turn   | Place    | Note
-------+----------+-------------------------------------------
     0 | D:1      | dickylongcocking the Tengu Air Elementalist began the quest
                  | for the Orb.
     0 | D:1      | Reached XP level 1. HP: 10/10 MP: 4/4
    37 | D:1      | Reached XP level 2. HP: 3/15 MP: 0/6
   539 | D:1      | Reached XP level 3. HP: 19/19 MP: 5/7
   579 | D:1      | Learned a level 3 spell: Static Discharge
  1066 | D:1      | Reached skill level 5 in Air Magic
  1317 | D:1      | Reached XP level 4. HP: 8/24 MP: 0/8
  1660 | D:2      | Found a broken altar of Ashenzari.
  1732 | D:2      | Became a worshipper of Ashenzari the Shackled
  1852 | D:2      | Found a radiant altar of Vehumet.
  1954 | D:2      | Noticed Terence
  1989 | D:2      | Killed Terence
  2239 | D:2      | Learned a level 4 spell: Airstrike
  2286 | D:2      | Found a hazy altar of Hepliaklqana.
  2366 | D:2      | Gained mutation: You can fly continuously. [Tengu growth]
  2366 | D:2      | Reached XP level 5. HP: 28/28 MP: 8/10
  3611 | D:3      | Reached skill level 6 in Air Magic
  4086 | D:4      | Reached skill level 1 in Fighting
  4086 | D:4      | Reached XP level 6. HP: 34/34 MP: 8/12
  4176 | D:4      | Found Icsesoh's Weapon Boutique.
  4252 | D:4      | Found Juporom's Antique Armour Shop.
  4347 | D:4      | Found Qunticva's Assorted Antiques.
  4417 | D:4      | Reached skill level 1 in Shields
  4539 | D:4      | Reached * piety under Ashenzari
  4674 | D:4      | Learned a level 2 spell: Swiftness
  4933 | D:4      | Got the uncursed scale mail of Hedge Wizardry {Slay+2}
  4943 | D:4      | Identified the +6 scale mail of Hedge Wizardry {Slay+2}
                  | (You found it on level 4 of the Dungeon)
  5149 | D:4      | Found Ucuise's Antique Armour Boutique.
  5274 | D:5      | Entered Level 5 of the Dungeon
  5300 | D:5      | Reached XP level 7. HP: 31/40 MP: 3/14
  5468 | D:5      | Reached skill level 1 in Armour
  5468 | D:5      | Reached skill level 7 in Air Magic
  5647 | D:4      | Bought a scroll of remove curse for 90 gold pieces
  6555 | D:5      | Reached XP level 8. HP: 36/46 MP: 0/16
  7157 | D:6      | Reached skill level 8 in Air Magic
  7265 | D:6      | Reached ** piety under Ashenzari
  7308 | D:6      | Reached skill level 5 in Spellcasting
  8534 | D:6      | Noticed Pikel
  8557 | D:6      | Killed Pikel
  8558 | D:6      | Reached skill level 5 in Fighting
  8558 | D:6      | Reached skill level 5 in Armour
  8558 | D:6      | Reached skill level 9 in Air Magic
  8558 | D:6      | Reached XP level 9. HP: 54/54 MP: 0/18
 10605 | D:7      | Found a staircase to the Ecumenical Temple.
 10625 | D:7      | Reached *** piety under Ashenzari
 10637 | Temple   | Entered the Ecumenical Temple
 10680 | D:7      | Noticed Menkaure
 10682 | D:7      | Killed Menkaure
 10683 | D:7      | Reached skill level 10 in Air Magic
 11053 | D:7      | Found Opabusa's Antique Weapon Emporium.
 11196 | D:7      | Reached XP level 10. HP: 30/60 MP: 17/21
 11815 | D:8      | Reached skill level 1 in Staves
 12025 | D:8      | Found a glowing golden altar of the Shining One.
 12025 | D:8      | Noticed an angel
 12026 | D:8      | Found a runed translucent door.
 12950 | D:8      | Found a bloodstained altar of Trog.
 13043 | D:8      | Found a sparkling altar of Nemelex Xobeh.
 13798 | D:9      | Reached **** piety under Ashenzari
 14153 | D:9      | Found a snail-covered altar of Cheibriados.
 14333 | D:9      | Found a basalt altar of Yredelemnul.
 14336 | D:9      | Found an iron altar of Okawaru.
 14346 | D:9      | Found a burning altar of Makhleb.
 14778 | D:9      | Found a stormy altar of Qazlal.
 14873 | D:9      | Found a blossoming altar of Fedhas.
 15293 | D:9      | Learned a level 5 spell: Lightning Bolt
 15311 | D:10     | Entered Level 10 of the Dungeon
 15524 | D:10     | Noticed a two-headed ogre
 15576 | D:9      | Reached skill level 11 in Air Magic
 15920 | D:10     | Found a staircase to the Orcish Mines.
 15925 | D:10     | Reached skill level 1 in Long Blades
 15971 | D:10     | Killed a two-headed ogre
 15972 | D:10     | Reached skill level 1 in Fire Magic
 16142 | D:9      | Reached XP level 11. HP: 8/67 MP: 1/23
 16476 | D:10     | Noticed a two-headed ogre
 16606 | D:10     | Killed a two-headed ogre
 18125 | D:10     | Found a sparkling altar of Nemelex Xobeh.
 18155 | D:10     | Found a staircase to the Lair.
 18721 | D:11     | Reached skill level 1 in Evocations
 19068 | D:11     | Noticed a two-headed ogre
 19073 | D:11     | Killed a two-headed ogre
 19074 | D:11     | Reached skill level 12 in Air Magic
 19283 | D:11     | Reached ***** piety under Ashenzari
 19313 | D:11     | Noticed a five-headed hydra
 19412 | Orc:1    | Entered Level 1 of the Orcish Mines
 19412 | Orc:1    | Noticed an orc knight
 19412 | Orc:1    | Noticed an orc sorcerer
 19413 | Orc:1    | Noticed an orc knight
 19521 | D:11     | Killed a five-headed hydra
 19582 | D:11     | Noticed a two-headed ogre
 19589 | D:11     | Killed a two-headed ogre
 19615 | D:11     | Reached skill level 5 in Conjurations
 19796 | D:11     | Noticed a brown ugly thing
 19800 | D:11     | Killed a brown ugly thing
 20329 | D:11     | Reached XP level 12. HP: 75/75 MP: 16/25
 20595 | D:11     | Reached skill level 5 in Long Blades
 20709 | D:12     | Noticed a six-headed hydra
 20949 | D:12     | Found a portal to a secret trove of treasure.
 21068 | D:12     | Noticed Azrael
 21069 | D:12     | Killed a six-headed hydra
 21072 | D:12     | Noticed a boulder beetle
 21245 | D:12     | Noticed Jorgrun
 21370 | Lair:1   | Entered Level 1 of the Lair of Beasts
 21472 | Lair:1   | Gained mutation: You are frail. (-10% HP) [potion of
                  | mutation]
 21472 | Lair:1   | Gained mutation: You are clumsy. (Dex -2) [potion of
                  | mutation]
 21472 | Lair:1   | Gained mutation: Your muscles are strong. (Str +2) [potion
                  | of mutation]
 21478 | Lair:1   | Killed themself with a badly aimed iceblast

Illustrated notes

Levels and vault maps discovered:
D:1:      lemuel_arrival_behind_the_door_small, layout_basic, serial_rivers,
          chequers_serial_rivers_marsh, chequers_serial_rivers_room_a,
          chequers_serial_rivers_micro_e, chequers_serial_rivers_room_b,
          chequers_serial_rivers_micro_e, minmay_cupped
D:2:      layout_basic, nicolae_ashenzari_panopticon, lemuel_doored_altar,
          general_overflow_altar, minmay_small_reverse_x, uniq_terence
D:3:      minmay_diamond_boxcup, layout_basic
D:4:      layout_loops_ring, serial_shops, nicolae_shop_statue_plus,
          nicolae_shop_behind_doors, nicolae_shop_overgrown_old_shop, shop,
          kennysheep_generic_room_7
D:5:      layout_loops_ring
D:6:      layout_loops_ring, uniq_pikel
D:7:      layout_basic, minmay_temple_entry_junction, serial_shops,
          kennysheep_little_box, minmay_misc_feat_doors, uniq_menkaure
D:8:      layout_cave_pods, nemelex_xobeh_ov_fountains_minmay, bloody_trog,
          grunt_decor_arrowhead, lemuel_angel_altar
D:9:      minmay_skewed_foursquare, layout_basic, grunt_qazlal_sundering,
          fedhas_altar_3, grunt_temple_overflow_cloverleaf, serial_bayou_pond_e,
          hangedman_fish_farm
D:10:     layout_irregular_city, david_lair_shrubbed, orc_0_dummy, st_stairs_4,
          nemelex_diamond_rough_becter
D:11:     layout_loops_ring, chequers_serial_rivers_small_3
D:12:     wad_pebble_path, layout_cave_pools, enter_trove_0, dk_noncrumbling_2,
          st_stairs_6, chequers_serial_rivers_micro_b, uniq_nergalle,
          uniq_azrael, uniq_jorgrun
Temple:   minmay_freezing_vapour_temple
Lair:1:   layout_hall_layers, minivault_19, chequers_serial_rivers_micro_e,
          minmay_shattered_shrine, serial_bayou_shore_b,
          infiniplex_staircase_pool_2
Orc:1:    layout_caves, serial_shops, shop

Skill      XL: |  1  2  3  4  5  6  7  8  9 10 11 12 |
---------------+-------------------------------------+-----
Conjurations   | 2 3 5 |  5.8
Air Magic      | 5 6 7 9 10 11 12 | 12.5
Spellcasting   | 3 4 5 6 7 8 |  8.8
Fighting       | 1 2 3 5 6 7 8 |  8.7
Shields        | 1 2 3 |  3.8
Armour         | 2 5 6 7 |  7.4
Staves         | 2 |  2.8
Long Blades    | 2 4 5 |  5.3
Fire Magic     | 2 |  2.0
Evocations     | 2 3 |  3.3
Dodging        | |  2.3
Stealth        | |  2.0

Action                   |  1- 3 |  4- 6 |  7- 9 | 10-12 || total
-------------------------+-------+-------+-------+-------++-------
Melee: Flail             |     1 |       |       |       ||     1
       Dagger            |     3 |     5 |       |       ||     8
       Kick              |     1 |     3 |     3 |    28 ||    35
       Staff             |       |    11 |    13 |    98 ||   122
       Peck              |       |     1 |     2 |    14 ||    17
 Cast: Shock             |    57 |   146 |    70 |    59 ||   332
       Static Discharge  |       |     7 |     2 |     5 ||    14
       Airstrike         |       |     1 |   107 |   201 ||   309
       Lightning Bolt    |       |       |       |    24 ||    24
       Swiftness         |       |       |       |     1 ||     1
Invok: Curse Item        |       |     1 |     2 |     1 ||     4
 Abil: Fly               |       |       |       |     1 ||     1
Evoke: Wand              |       |       |     5 |    23 ||    28
  Use: Scroll            |       |    12 |     3 |    14 ||    29
       Potion            |       |       |     3 |     8 ||    11
 Stab: Distracted        |     1 |       |       |       ||     1
       Sleeping          |       |     1 |       |       ||     1
       Paralysed         |       |       |       |    17 ||    17
Armor: Robe              |     5 |    13 |     4 |     1 ||    23
       Scale mail        |       |     4 |       |    17 ||    21
       Skin              |       |       |     2 |       ||     2
       Acid dragon scale |       |       |       |    41 ||    41
Dodge: Dodged            |    24 |    59 |    30 |   118 ||   231
Block: Buckler           |       |    12 |     6 |    56 ||    74

Table legend: (Time is in decaauts)
 A = Elapsed time spent in this place.
 B = Non-inter-level travel time spent in this place.
 C = Inter-level travel time spent in this place.
 D = Time resting spent in this place.
 E = Time spent auto-exploring this place.
 F = Levels seen in this place.
 G = Mean time per level.
                   A        B        C        D        E       F      G
               +--------+--------+--------+--------+--------+-----+--------+
         Total |  21429 |  20833 |    596 |   6251 |  12184 |  15 | 1428.6 |
       Dungeon |  21307 |  20716 |    591 |   6251 |  12112 |  12 | 1775.6 |
        Temple |     16 |     12 |      4 |      0 |     11 |   1 |   16.0 |
          Lair |    103 |    103 |      0 |      0 |     60 |   1 |  103.0 |
  Orcish Mines |      1 |      1 |      0 |      0 |      0 |   1 |    1.0 |
               +--------+--------+--------+--------+--------+-----+--------+

Top non-repeatable levels by time:
     D:7: 2891 daAuts
    D:10: 2777 daAuts
    D:11: 2409 daAuts
     D:9: 2408 daAuts
     D:5: 2191 daAuts
     D:6: 1652 daAuts
     D:8: 1570 daAuts
     D:1: 1531 daAuts
     D:2: 1286 daAuts
     D:4: 1276 daAuts
     D:3: 1254 daAuts
  Lair:1: 103 daAuts
    D:12: 58 daAuts
  Temple: 16 daAuts
   Orc:1: 1 daAuts
